 Bloatcrawl 2 version 2.3.0-a0-108-gdc832c1 (webtiles) character file.

Game seed: 2837283642547837839, levelgen mode: deterministic

6 CUS the Chiller (level 1, 0/15 HPs)
             Began as an Astral Ice Elementalist on Jan 18, 2020.
             Slain by a leopard gecko (3 damage)
             ... on level 1 of the Dungeon.
             The game lasted 00:01:00 (72 turns).

CUS the Chiller (Astral Ice Elementalist)             Turns: 72, Time: 00:01:02

Health: 0/15       AC:  2    Str:  9    XL:     1   Next: 90%
Magic:  0/6        EV: 13    Int: 16    God:
Gold:   0          SH:  0    Dex: 16    Spells: 4/5 levels left Game modifiers: None

rFire    . . .     SeeInvis +   (no weapon)
rCold    . . .     Gourm    .   (no shield)
rNeg     . . .     Faith    .   a - +0 robe
rPois    .         Spirit   .   (no helmet)
rElec    .         Reflect  .   (no cloak)
rCorr    .         Harm     .   (no gloves)
MR       .....     Clarity  +   (no boots)
Stlth    ++........             (no amulet)
HPRegen  0.05/turn              d - +2 ring of dexterity
MPRegen  0.10/turn              (no ring)

@: flying
A: No resists, Vuln melee, Wiz, big wings, see invisible, clarity
a: Stop Flying


You were on level 1 of the Dungeon.
You were not hungry.

You visited 1 branch of the dungeon, and saw 1 of its levels.

Inventory:

Armour
 a - a +0 robe (worn)
Jewellery
 d - a +2 ring of dexterity (left hand)
Comestibles
 b - 3 chunks of flesh
 c - 2 rations


   Skills:
 + Level 2.4 Dodging
 + Level 2.2 Stealth
 + Level 2.5 Spellcasting
 + Level 4.7 Ice Magic


You had 4 spell levels left.
You knew the following spells:

 Your Spells              Type           Power        Failure   Level  Hunger
a - Freeze                Ice            ###.         1%          1    #......

Your spell library contained the following spells:

 Spells                   Type           Power        Failure   Level  Hunger
 Ozocubu's Armour         Chrm/Ice       #.......     9%          3    ###....
 Hailstorm                Conj/Ice       #.......     28%         4    #####..
 Summon Ice Beast         Ice/Summ       #.......     28%         4    #####..


Dungeon Overview and Level Annotations

Branches:
Dungeon (1/15)

Altars:


Innate Abilities, Weirdness & Mutations

You can't gain resistances.
Your melee attacks strip magic resistance.
You have innate wizardry.
Your large and strong wings let you fly indefinitely.
You have supernaturally acute eyesight. (SInv)
You possess an exceptional clarity of mind.


Message History

Casting: Freeze (safe; 1% risk of failure)
Confirm with . or Enter, or press ? or * to list all spells.
Aiming: Freeze (safe; 1% risk of failure)
Press: ? - help, Shift-Dir - straight line, f/p - goblin
Aim: a goblin, wielding a +0 dagger (almost dead)
You freeze the goblin.
You kill the goblin!
The leopard gecko closely misses you. The leopard gecko barely misses you.
Your touch strips away the magical defenses of the leopard gecko!
You hit the leopard gecko.
The leopard gecko is lightly wounded.
The leopard gecko bites you.
Your touch strips away the magical defenses of the leopard gecko!
You hit the leopard gecko but do no damage.
The leopard gecko is lightly wounded.
The leopard gecko bites you.
* * * LOW HITPOINT WARNING * * *
The leopard gecko bites you.
You die...

..........)....
#######........
...............
########........
#...##.....)....
#.§#..##.####...
##.§≈.##)# ...
##.≈≈###.# !.
#.≈##@l..# ######
#.#≈..##### #<...#
#.#.##.## #....## .
###≈#.# #..##.#.
#.#≈#.#
###..#.#.###.#.#.##
≈≈≈##.####≈.#####.#
...##.#.....#..#..#
≈..##...≈#.#.#....#


You could see a leopard gecko.

Vanquished Creatures
  A worm (D:1)
  A goblin (D:1)
  A hobgoblin (D:1)
3 creatures vanquished.

Notes
Turn   | Place    | Note
-------+----------+-------------------------------------------
     0 | D:1      | CUS the Astral Ice Elementalist began the quest for the
                  | Orb.
     0 | D:1      | Reached XP level 1. HP: 15/15 MP: 5/5
    72 | D:1      | Slain by a leopard gecko

Levels and vault maps discovered:
D:1:      dpeg_arrival_brainrot, layout_basic

Action                   || total
-------------------------++-------
Melee: Unarmed           ||     2
 Cast: Freeze            ||     9
Armor: Robe              ||     2
Dodge: Dodged            ||     5

Table legend:
 A = Non-vault XP
 B = Vault XP
 C = Vault XP percentage of total XP
 D = Non-vault monster count
 E = Vault monster count
 F = Vault count percentage of total count
                 A         B        C        D         E       F
            +---------+---------+-------+---------+---------+-------
      Total |       4 |       5 |  55.6 |       2 |       1 |  33.3
            +---------+---------+-------+---------+---------+-------
        D:1 |       4 |       5 |  55.6 |       2 |       1 |  33.3
            +---------+---------+-------+---------+---------+-------
